 Dungeon Crawl Stone Soup version 0.17-a0-1880-gacf7e67 (webtiles) character file.

101 esc the Ruffian (level 4, 0/39 (40) HPs)
             Began as a Ghoul Monk on Sept 21, 2015.
             Slain by a centaur zombie (5 damage)
             ... on level 5 of the Dungeon.
             The game lasted 00:04:30 (1625 turns).

esc the Ruffian (Ghoul Monk)                        Turns: 1625, Time: 00:04:30

HP:   0/39 (40)     AC:  3    Str: 14    XL:     4   Next: 75%
MP:   3/3           EV: 13    Int:  8    God:
Gold: 68            SH:  0    Dex: 12    Spells: 0 memorised, 3 levels left

rFire  . . .     SeeInvis .       - Unarmed
rCold  + . .     Clarity  .     a - +1 robe
rNeg   + + +     SustAt   .     (no shield)
rPois  ∞         Gourm    .     (no helmet)
rElec  .         Spirit   .     (no cloak)
rCorr  .         Warding  .     (no gloves)
rMut   .         Stasis   .     (no boots)
MR     .....                    (no amulet)
Stlth  ++........               (no ring)
                                e - +3 ring of intelligence

@: rotting, not resistant to hostile enchantments, unstealthy
A: rotting body, claws 1, carnivore 3, cold resistance 1, negative energy
resistance 3, slow healing 1, torment resistance, unbreathing
a: no special abilities


You were on level 5 of the Dungeon.
You were not hungry.

You visited 1 branch of the dungeon, and saw 5 of its levels.

You collected 68 gold pieces.

Inventory:

Missiles
 i - 2 needles of confusion
Armour
 a - a +1 robe (worn)
Jewellery
 e - a +3 ring of intelligence (left claw)
   (You found it on level 1 of the Dungeon)
Scrolls
 k - 3 scrolls of teleportation
 n - a scroll of identify
Potions
 d - a potion of brilliance
 f - a potion of agility {unknown}
 g - a potion of degeneration {!q}
 j - a potion of poison
 p - a potion of resistance
Books
 l - a book of the Earth
   (You found it on level 2 of the Dungeon)
 m - a book of Debilitation
   (You found it on level 3 of the Dungeon)
 o - a book of Envenomations
   (You found it on level 3 of the Dungeon)
Comestibles
 b - 2 meat rations {@e2}
 h - a beef jerky


   Skills:
 + Level 4.2 Fighting
 + Level 3.5 Dodging
 - Level 2.1 Stealth
 + Level 5.2 Unarmed Combat


You had 3 spell levels left.
You didn't know any spells.

Dungeon Overview and Level Annotations

Branches:
Dungeon (5/15)
 Temple: D:4-7

Altars:
Nemelex Xobeh

Annotations:
D:3 nago's ghost, average VSSu


Innate Abilities, Weirdness & Mutations

Your body is rotting away.
You thrive on raw meat.
You are immune to poison.
You have sharp fingernails.
You are carnivorous and can eat meat at any time.
Your flesh is cold resistant.
You are immune to negative energy.
You heal slowly when monsters are visible.
You are immune to unholy pain and torment.
You can survive without breathing.


Message History

Found a scroll labeled CADGHE HOVIGYTT.
Found a stone staircase leading down.
There is a stone staircase leading up here.
q - a scroll labeled CADGHE HOVIGYTT Read which item? (? for menu, Esc to quit)
As you read the scroll labeled CADGHE HOVIGYTT, it crumbles to dust.
You assume a fearsome visage.
Nothing appears to happen.
It was a scroll of fear.
Read which item? (? for menu, Esc to quit)
Identify which item? (\ to view known items) (? for menu, Esc to quit)
As you read the scroll of identify, it crumbles to dust.
p - a potion of resistance Read which item? (? for menu, Esc to quit)
Identify which item? (\ to view known items) (? for menu, Esc to quit)
As you read the scroll of identify, it crumbles to dust.
j - a potion of poison Some of the chunks of flesh in your inventory have rotted away.
Found a stone staircase leading down.
Found a stone staircase leading down.
Some of the chunks of flesh in your inventory have rotted away.
A phantom comes into view.
You see here a scroll of identify.
n - a scroll of identify The phantom blinks!
The phantom hits you.
You take 3 damage, and have 36/39 hp.
You closely miss the phantom. The phantom hits you.
You take 2 damage, and have 34/39 hp.
You scratch the phantom. The phantom hits you!
You take 7 damage, and have 27/39 hp.
You claw the phantom! You closely miss the phantom.
The phantom barely misses you.
You scratch the phantom. Your claw misses the phantom. The phantom hits you!
You take 7 damage, and have 20/39 hp.
Eat a chunk of flesh {@w0}? (ye/n/q/i?)
You feel more resilient.
This raw flesh tastes great!
The phantom hits you!
You continue eating.
The phantom barely misses you.
You continue eating.
The phantom misses you.
You take 3 damage, and have 17/40 hp.
Eat which item? (? for menu, Esc to quit)
You can't eat that!
Eat which item? (? for menu, Esc to quit)
Okay, then.
There is a stone staircase leading down here.
The phantom blinks!
There is a stone staircase leading down here.
You climb downwards.
There is a stone staircase leading up here.
You start resting.
You feel your flesh rotting away.
You regained 5 hp, and now have 22/39 hp.
Found an escape hatch in the floor.
Found a stone staircase leading down.
A hound comes into view.
A centaur zombie comes into view.
The helpless hound fails to defend itself.
You scratch the hound. The hound bites you.
You take 1 damage, and have 24/39 hp.
You barely miss the hound. The hound barely misses you.
You closely miss the hound. The hound closely misses you.
The centaur zombie closely misses you. The hound barely misses you.
You closely miss the hound. The hound closely misses you.
The centaur zombie hits you.
You take 1 damage, and have 23/39 hp.
You scratch the hound. The hound closely misses you.
The centaur zombie barely misses you.
You barely miss the hound. The hound barely misses you.
The centaur zombie hits you. The hound misses you.
You take 2 damage, and have 21/39 hp.
You closely miss the hound. The centaur zombie hits you.
The hound completely misses you.
You take 4 damage, and have 17/39 hp.
You claw the hound! The hound bites you but does no damage.
The centaur zombie barely misses you. The hound bites you.
The centaur zombie barely misses you.
You take 4 damage, and have 13/39 hp.
You barely miss the hound. The hound misses you.
The centaur zombie closely misses you.
You scratch the hound but do no damage. The hound bites you.
* * * LOW HITPOINT WARNING * * *
The centaur zombie closely misses you.
You take 3 damage, and have 10/39 hp.
You closely miss the hound. The hound barely misses you.
The centaur zombie barely misses you. The hound bites you but does no damage.
You closely miss the hound. The centaur zombie barely misses you.
The hound bites you.
* * * LOW HITPOINT WARNING * * *
You take 5 damage, and have 5/39 hp.
You claw the hound!
You kill the hound!
The centaur zombie hits you but does no damage.
Drink which item? (? for menu, Esc to quit)
Okay, then.
Eat which item? (? for menu, Esc to quit)
Okay, then.
The centaur zombie hits you but does no damage.
You see here a hound corpse.
You butcher the hound corpse.
The centaur zombie hits you.
You die...

##### #...# #...#
#...# #...#
#######...#
..........#########
##### #....Z@.......
#.).# #.##....######
#...####.##....#
+........##....#
####........##......
...#.......>.+.......
.#.#.#.####.##........
.#.#.#.####.##...[....
.#.#....>...#


You could see a centaur zombie.

Vanquished Creatures
  A hound (D:5)
  An adder (D:2)
  2 oozes (D:2)
  2 giant geckos (D:2)
  An orc (D:3)
  2 ball pythons
  5 bats
  3 giant cockroaches
  5 hobgoblins
  A giant newt (D:2)
  11 goblins
  7 kobolds
  4 rats
45 creatures vanquished.

Notes
Turn   | Place    | Note
--------------------------------------------------------------
     0 | D:1      | esc the Ghoul Monk began the quest for the Orb.
     0 | D:1      | Reached XP level 1. HP: 19/19 MP: 0/0
    95 | D:1      | Found a sparkling altar of Nemelex Xobeh.
   189 | D:1      | Reached XP level 2. HP: 17/26 MP: 1/1
   399 | D:1      | Reached skill level 3 in Dodging
   763 | D:1      | Reached XP level 3. HP: 27/31 MP: 2/2
  1046 | D:2      | Reached skill level 4 in Fighting
  1103 | D:2      | Reached skill level 5 in Unarmed Combat
  1123 | D:2      | Reached XP level 4. HP: 37/39 MP: 3/3
  1291 | D:2      | You fall through a shaft!
  1298 | D:3      | Noticed nago's ghost (average VSSu)
  1534 | D:4      | Noticed a phantom
  1552 | D:5      | Entered Level 5 of the Dungeon
  1622 | D:5      | HP: 5/39 [hound (5)]
  1625 | D:5      | Slain by a centaur zombie

Vault maps used:
D:1:      dpeg_arrival_arbitrary_c, minivault_14, moated_statue,
          nemelex_xobeh_ov_fountains_minmay
D:2:      minivault_5
D:3:      old_standard_altar, uniq_terence, uniq_crazy_yiuf_cottage
D:4:      minmay_temple_entry_mist, serial_shops, kennysheep_mini, first_bread
D:5:      eino_small_chamber_without_monster

Action                   |  1- 3 |  4- 6 || total
-------------------------+-------+-------++-------
Melee: Unarmed           |    99 |    49 ||   148
  Use: Scroll            |     4 |     4 ||     8
 Stab: Sleeping          |     4 |     4 ||     8
  Eat: Chunk             |     2 |     1 ||     3

Vault maps used:
D:1:      dpeg_arrival_arbitrary_c, minivault_14, moated_statue,
          nemelex_xobeh_ov_fountains_minmay
D:2:      minivault_5
D:3:      old_standard_altar, uniq_terence, uniq_crazy_yiuf_cottage
D:4:      minmay_temple_entry_mist, serial_shops, kennysheep_mini, first_bread
D:5:      eino_small_chamber_without_monster

Table legend:
 A = Turns spent in this place as a percentage of turns spent in the entire game.
 B = Non-inter-level travel turns spent in this place as a percentage of non-inter-level travel turns spent in the entire game.
 C = Inter-level travel turns spent in this place as a percentage of turns spent in this place.
 D = Turns resting spent in this place as a percentage of non-inter-level travel turns spent in this place.
 E = Turns spent auto-exploring this place as a percentage of non-inter-level travel turns spent in this place.
 F = Non-inter-level travel turns spent in this place divided by the number of levels of this place that you've seen.
                   A       B       C       D       E      F
               +-------+-------+-------+-------+-------+----------------------
         Total | 100.0 | 100.0 |   1.4 |   0.9 |   7.6 | 131.0
       Dungeon | 100.0 | 100.0 |   1.4 |   0.9 |   7.6 | 131.0
               +-------+-------+-------+-------+-------+----------------------

Table legend:
 A = Kills in this place as a percentage of kills in entire the game.
 B = Kills by you in this place as a percentage of kills by you in the entire game.
 C = Kills by friends in this place as a percentage of kills by friends in the entire game.
 D = Other kills in this place as a percentage of other kills in the entire game.
 E = Experience gained in this place as a percentage of experience gained in the entire game.
 F = Experience gained in this place divided by the number of levels of this place that you have seen.
                   A       B       C       D       E      F
               +-------+-------+-------+-------+-------+----------------------
         Total | 100.0 | 100.0 |  -nan |  -nan | 100.0 |  29.0
       Dungeon | 100.0 | 100.0 |  -nan |  -nan | 100.0 |  29.0
               +-------+-------+-------+-------+-------+----------------------
